AoeStats
← HR Pinkman

Arabia

508400667Analyzed
1v1 RM · 9d ago on Sep 22, 2026· 33m 31s· 2 players
Game mode
Random Map
Map size
Tiny (2 player)
Population
200
Speed
Normal
Resources
Standard
Victory
Conquest
Starting age
Dark Age
Ending age
Imperial Age
RankedLock teamsTeams togetherTeam positionsShared explorationLock speedFull tech treeHidden civsTurbo modeCheats
Victory
Defeat
🇨🇱 Khmer · Chile
2166
+5
🇬🇧 Magyars · United Kingdom
1886
-5
HR Pinkman
6:00 Loom
8:27 Feudal Age
8:57 Double-Bit Axe
9:22 Horse Collar
18:54 Castle Age
17:49 Fletching
18:45 Padded Archer Armor
19:22 Bloodlines
19:40 Bodkin Arrow
19:06 Crossbowman
23:58 Bow Saw
26:05 Wheelbarrow
28:27 Heavy Plow
33:14 Imperial Age
33:24 Ballistics
33:32 Hand Cart
34:14 Hand Cart
34:01 Bracer
Nathanael
8:34 Feudal Age
8:04 Loom
9:40 Double-Bit Axe
10:51 Horse Collar
19:47 Castle Age
18:57 Bloodlines
18:53 Gold Mining
20:20 Padded Archer Armor
20:11 Fletching
20:51 Husbandry
21:34 Bodkin Arrow
28:28 Town Watch
29:19 Wheelbarrow
29:40 Bow Saw
30:53 Leather Archer Armor
Connection lost

Rejoining the realm…

Still unreachable

The connection could not be restored.

Session expired

The server has moved on; the page needs a fresh start.